 Dungeon Crawl Stone Soup version 0.30-a0-748-ge6a52f7cba (webtiles) character file.

Game seed: 3189344946193208128

59 sircluck the Shooter (level 4, -5/27 HPs)
             Began as a Kobold Hunter on Feb 8, 2023.
             Slain by an iguana (8 damage)
             ... on level 2 of the Dungeon.
             The game lasted 00:03:16 (1552 turns).

sircluck the Shooter (Kobold Hunter)                Turns: 1552, Time: 00:03:16

Health: -5/27      AC:  3    Str:  8    XL:     4   Next: 22%
Magic:  4/4        EV: 15    Int: 10    God:
Gold:   14         SH:  0    Dex: 20    Spells: 3/3 levels left

rFire   . . .      SeeInvis .    a - +0 shortbow
rCold   . . .      Faith    .    (shield currently unavailable)
rNeg    . . .      Spirit   .    c - +0 leather armour
rPois   .          Reflect  .    (no helmet)
rElec   .          Harm     .    (no cloak)
rCorr   .          Rampage  .    (no gloves)
Will    .....                    (no boots)
Stlth   +++                      (no amulet)
HPRegen 0.24/turn                (no ring)
MPRegen 0.09/turn                (no ring)

@: no status effects
A: small, no large weapons, nightstalker 3
a: no special abilities


You were on level 2 of the Dungeon.
You visited 1 branch of the dungeon, and saw 2 of its levels.

You collected 14 gold pieces.

Inventory:

Hand Weapons
 a - a +0 shortbow (weapon)
Missiles
 i - 3 poisoned darts
Armour
 c - a +0 leather armour (worn)
Jewellery
 k - a +5 ring of evasion
Scrolls
 b - 3 scrolls of immolation
 e - a scroll of vulnerability {unknown}
 g - 5 scrolls of identify {unknown}
 l - 2 scrolls of teleportation {unknown}
 m - 2 scrolls of enchant weapon {unknown}
Potions
 d - a potion of haste {unknown}
 f - 2 potions of attraction {unknown}
 h - a potion of curing {unknown}
 j - a potion of degeneration {unknown}


   Skills:
 + Level 2.5 Fighting
 + Level 6.8 Ranged Weapons
 + Level 0.3 Armour
 + Level 2.6 Dodging
 + Level 1.3 Stealth


You had 3 spell levels left.
You didn't know any spells.
Your spell library was empty.

Dungeon Overview and Level Annotations

Branches:
Dungeon (2/15)

Altars:

Shops:
D:1 *((*

Annotations:
D:2 Sigmund


Innate Abilities, Weirdness & Mutations

You are small and have problems with some larger weapons.
You are completely attuned to the shadows.


Message History

You now have 14 gold pieces (gained 7).
You open the door.
Found a stone staircase leading down.
There is an open door here.
There is a stone staircase leading down here.
An iguana comes into view.
Found 5 gold pieces.
An iguana is nearby!
An iguana is nearby!
You shoot an arrow. The arrow hits the iguana.
The iguana is moderately wounded.
The iguana hisses menacingly.
The iguana bites you!
You shoot an arrow. The arrow barely misses the iguana.
The iguana closely misses you.
You shoot an arrow. The arrow hits the iguana!
The iguana is severely wounded.
The iguana bites you!
* * * LOW HITPOINT WARNING * * *
You are too injured to fight recklessly!
You are too injured to fight recklessly!
You are too injured to fight recklessly!
You are too injured to fight recklessly!
You are too injured to fight recklessly!
You are too injured to fight recklessly!
You are too injured to fight recklessly!
You are too injured to fight recklessly!
You are too injured to fight recklessly!
You are too injured to fight recklessly!
You are too injured to fight recklessly!
You are too injured to fight recklessly!
You are too injured to fight recklessly!
You are too injured to fight recklessly!
You are too injured to fight recklessly!
You are too injured to fight recklessly!
The iguana attacks as you move away! The iguana barely misses you.
The iguana attacks as you move away! The iguana bites you.
* * * LOW HITPOINT WARNING * * *
The iguana attacks as you move away! The iguana bites you!
You die...

#+### ...... # .@...
...#.#.# .....
.$...#.## ..... ..
......... [.... .#
#.#.# ..... S##.
#.#.# ..... ##....
#.l.# #+##. #<#
###@.###########.##.
#.#
.................>.'.
...
####..###########.##.
##### ##.### #.##.
.....# #.##. .#...#
#.##.
#...#########.###
#..........##....
#...######.##.#..


You could see an iguana.

Vanquished Creatures
  A gnoll (D:1)
  2 worms (D:2)
  3 dart slugs (D:1)
  3 ball pythons
  3 bats (D:1)
  5 endoplasms
  3 giant cockroaches (D:1)
  3 hobgoblins (D:1)
  3 quokkas
  A frilled lizard (D:1)
  2 goblins (D:1)
  A kobold (D:1)
  6 rats
36 creatures vanquished.

Notes
Turn   | Place    | Note
-------+----------+-------------------------------------------
     0 | D:1      | sircluck the Kobold Hunter began the quest for the Orb.
     0 | D:1      | Reached XP level 1. HP: 12/12 MP: 1/1
    96 | D:1      | Reached XP level 2. HP: 17/17 MP: 2/2
   114 | D:1      | Reached skill level 6 in Ranged Weapons
   181 | D:1      | Reached XP level 3. HP: 18/21 MP: 3/3
   202 | D:1      | Found Veowen's General Store.
   219 | D:1      | Found Jippidghad's Weapon Boutique.
   675 | D:1      | Found Gaczetin's Weapon Shop.
   771 | D:1      | Found Afeheon's General Store.
   972 | D:1      | Found a faded altar of an unknown god.
  1319 | D:2      | Reached XP level 4. HP: 27/27 MP: 4/4
  1385 | D:2      | Noticed Sigmund
  1552 | D:2      | Slain by an iguana

Illustrated notes

Levels and vault maps discovered:
D:1:      dpeg_arrival_castle, layout_basic, serial_shops,
          nicolae_shop_behind_doors, nicolae_shop_hallway_stairs,
          nicolae_shop_statue_plus, nicolae_diamond_shop,
          chequers_ecumenical_altar_island, nicolae_titane
D:2:      minmay_door_path, layout_basic, uniq_robin, uniq_sigmund

Skill      XL: |  1  2 |
---------------+-------+-----
Ranged Weapons | 6 |  6.8
Fighting       | |  2.5
Armour         | |  0.3
Dodging        | |  2.6
Stealth        | |  1.3

Action                     |  1- 3 |  4- 6 || total
---------------------------+-------+-------++-------
   Fire: Shortbow          |    87 |    30 ||   117
 Armour: Leather armour    |     7 |     4 ||    11
  Dodge: Dodged            |    41 |    24 ||    65

Table legend: (Time is in decaauts)
 A = Elapsed time spent in this place.
 B = Non-inter-level travel time spent in this place.
 C = Inter-level travel time spent in this place.
 D = Time resting spent in this place.
 E = Time spent auto-exploring this place.
 F = Levels seen in this place.
 G = Mean time per level.
                   A        B        C        D        E       F      G
               +--------+--------+--------+--------+--------+-----+--------+
         Total |   1588 |   1426 |    162 |     53 |   1096 |   2 |  794.0 |
       Dungeon |   1588 |   1426 |    162 |     53 |   1096 |   2 |  794.0 |
               +--------+--------+--------+--------+--------+-----+--------+

Top non-repeatable levels by time:
     D:1: 1253 daAuts
     D:2: 335 daAuts
